 Dungeon Crawl Stone Soup version 0.28-a0-938-gbc3f381ebc (webtiles) character file.

Game seed: 5452484062252755364

848 ytrimaz the Magician (level 8, 0/87 HPs)
             Began as a Djinni Fire Elementalist on Nov 29, 2021.
             Slain by a bullfrog zombie (1 damage)
             ... on level 5 of the Dungeon.
             The game lasted 00:05:55 (6370 turns).

ytrimaz the Magician (Djinni Fire Elementalist)     Turns: 6370, Time: 00:05:56

Health: 0/87       AC: 24    Str:  7    XL:     8   Next: 20%
Gold:   189        EV:  2    Int: 19    God:
                   SH:  0    Dex: 14

rFire   . . .      SeeInvis .   (no weapon)
rCold   . . .      Faith    .   (no shield)
rNeg    . . .      Spirit   .   (armour currently unavailable)
rPois   ∞          Reflect  .   (helmet currently unavailable)
rElec   .          Harm     .   (cloak currently unavailable)
rCorr   .          Rampage  .   (gloves currently unavailable)
Will    .....      NoTele   +   (boots unavailable)
Stlth   ++........              (no amulet)
HPRegen 0.24/turn               (no ring)
MPRegen 0.00/turn               (no ring)

@: tree-form, attractive
A: stationary, stasis, torment immunity, boosted hp, sickness immunity, (fire
resistance 2), (cold vulnerability 1), float, innate caster, hp casting, extra
vitality 1
a: no special abilities


You were on level 5 of the Dungeon.
You were a tree.
You visited 1 branch of the dungeon, and saw 5 of its levels.

You collected 189 gold pieces.

Inventory:

Armour
 a - a +0 robe (melded)
 j - a +0 cloak (melded)
 k - a +0 kite shield
 n - a +0 pair of gloves (melded)
Jewellery
 g - a ring of fire
Wands
 l - a wand of flame (19)
Scrolls
 h - 3 scrolls of blinking
Potions
 b - 2 potions of attraction
 c - a potion of haste {unknown}
 d - a potion of brilliance {unknown}
 e - a potion of lignification
 f - 2 potions of cancellation {unknown}
 i - a potion of flight {unknown}
 m - a potion of experience {unknown}
 o - 2 potions of mutation {unknown}


   Skills:
 * Level 3.6 Fighting
 + Level 3.3 Dodging
 - Level 1.5 Stealth
 + Level 6.1 Spellcasting


You had one spell level left.
You knew the following spells:

 Your Spells              Type           Power      Damage    Failure   Level
a - Foxfire               Conj/Fire      100%       2x1d9     1%          1
b - Scorch                Fire           58%        2d7       1%          2
c - Conjure Flame         Conj/Fire      29%        6-21      2%          3
d - Inner Flame           Hex/Fire       29%        N/A       2%          3
e - Flame Wave            Conj/Fire      29%        2d6       9%          4
f - Beastly Appendage     Tmut           58%        N/A       1%          1
g - Static Discharge      Conj/Air       29%        N/A       1%          2
h - Searing Ray           Conj           58%        2d6       1%          2
Your spell library was empty.

Dungeon Overview and Level Annotations

Branches:
Dungeon (5/15)
 Temple: D:4-7

Altars:
Qazlal
Beogh


Innate Abilities, Weirdness & Mutations

You are a tree.
Your roots penetrate the ground, keeping you stationary.
You cannot be teleported.
You are immune to unholy pain and torment.
Your maximum health is greatly increased.
Your equipment is partially melded.
You are immune to sickness and miasma.
You are immune to poison.
((Your flesh is very heat resistant. (rF++)))
((You are vulnerable to cold. (rC-)))
You float through the air rather than walking.
You learn spells naturally, not from books.
Your magical power is your life essence.
You have superior vitality. (+4 HP)


Message History

The centaur zombie is severely damaged.
You finish channelling waves of flame.
The centaur zombie hits you. The centaur zombie barely misses you.
The bullfrog zombie closely misses you. The centaur zombie hits you.
* * * LOW HITPOINT WARNING * * *
The centaur zombie kicks you.
* * * LOW HITPOINT WARNING * * *
The bullfrog zombie hits you.
* * * LOW HITPOINT WARNING * * *
Unknown command.
Unknown command.
Unknown command.
Found a stone staircase leading down.
The bullfrog zombie barely misses you. The centaur zombie closely misses you.
The centaur zombie kicks you but does no damage.
The bullfrog zombie misses you. The killer bee zombie hits you.
* * * LOW HITPOINT WARNING * * *
The bullfrog zombie hits you.
* * * LOW HITPOINT WARNING * * *
The killer bee zombie barely misses you.
It was a potion of attraction.
You feel attractive to monsters. The centaur zombie barely misses you.
The centaur zombie misses you.
The killer bee zombie closely misses you.
The bullfrog zombie completely misses you.
The centaur zombie misses you. The centaur zombie kicks you.
* * * LOW HITPOINT WARNING * * *
The killer bee zombie misses you.
It was a potion of lignification.
You turn into a tree.
Your +0 cloak melds into your body.
Your +0 pair of gloves melds into your body.
Your +0 robe melds into your body.
Your roots penetrate the ground.
The bullfrog zombie hits you.
* * * LOW HITPOINT WARNING * * *
The killer bee zombie barely misses you.
The centaur zombie hits you but does no damage.
The centaur zombie kicks you but does no damage.
The bullfrog zombie hits you.
You die...

#....#####..
P......#.....#...#.
#......#.....#...#.
#.....>#..<..#)..#.
#......#.....'..##.
#......#....#######
#......#....# #.
#......#..... #.
#.♣....#.....# #.
+ZZZ...#....## ##'
#......#....# #..
#.))...+..... #..
#......# #..
#......##########..
#......#....#......
#......#....#....##
+......#....#....#.


You could see a bullfrog zombie, a killer bee zombie and a centaur zombie.

Vanquished Creatures
  Prince Ribbit (D:5)
  2 ogres
  A wyvern zombie (D:5)
  A bullfrog zombie (D:5)
  A hound (D:4)
  An iguana (D:5)
  4 orc wizards
  A killer bee zombie (D:5)
  3 hound skeletons (D:4)
  7 adders
  A white imp (D:5)
  An adder zombie (D:5)
  4 dart slugs
  13 orcs
  3 ball pythons
  7 endoplasms
  4 giant cockroaches
  8 goblins
  9 hobgoblins
  A jackal (D:2)
  4 quokkas
  5 bats
  3 frilled lizards
  12 kobolds
  5 rats
102 creatures vanquished.

Vanquished Creatures (others)
  440 foxfires
440 creatures vanquished.

Grand Total: 542 creatures vanquished

Notes
Turn   | Place    | Note
-------+----------+-------------------------------------------
     0 | D:1      | ytrimaz the Djinni Fire Elementalist began the quest for
                  | the Orb.
     0 | D:1      | Reached XP level 1. HP: 15/15 MP: 0/0
   493 | D:1      | Reached XP level 2. HP: 21/22 MP: 0/0
  1104 | D:1      | Reached XP level 3. HP: 25/26 MP: 0/0
  1104 | D:1      | Learned a level 1 spell: Beastly Appendage
  1212 | D:1      | Reached skill level 3 in Spellcasting
  1386 | D:2      | Reached skill level 1 in Fighting
  1878 | D:2      | Noticed an ogre
  1885 | D:2      | Killed an ogre
  1886 | D:2      | Reached XP level 4. HP: 29/33 MP: 0/0
  1886 | D:2      | Reached XP level 5. HP: 33/38 MP: 0/0
  1886 | D:2      | Learned a level 2 spell: Static Discharge
  2175 | D:2      | Found a stormy altar of Qazlal.
  2442 | D:2      | Found a faded altar of an unknown god.
  2920 | D:3      | Reached skill level 4 in Spellcasting
  3722 | D:4      | Reached XP level 6. HP: 40/43 MP: 0/0
  3878 | D:4      | Noticed an ogre
  3891 | D:4      | Killed an ogre
  4105 | D:4      | Reached XP level 7. HP: 41/49 MP: 0/0
  4105 | D:4      | Learned a level 2 spell: Searing Ray
  4122 | D:4      | Reached skill level 5 in Spellcasting
  4408 | D:4      | Found the +8 orange crystal plate armour {Archmagi, Int+3
                  | Clar}
  4902 | D:5      | Entered Level 5 of the Dungeon
  4921 | D:5      | Noticed Prince Ribbit
  4941 | D:5      | Killed Prince Ribbit
  5257 | D:5      | Reached XP level 8. HP: 46/56 MP: 0/0
  5768 | D:5      | Reached skill level 6 in Spellcasting
  6368 | D:5      | HP: 2/58 [bullfrog zombie (5)]
  6370 | D:5      | Slain by a bullfrog zombie

Illustrated notes

Levels and vault maps discovered:
D:1:      arrival_zaba_pyramid, layout_basic
D:2:      layout_rooms, hellmonk_ecumenical_altar_defaced_shrine, basic_altar,
          dk_noncrumbling_3, minmay_indecisive_spiral
D:3:      layout_loops_ring
D:4:      layout_cave_pools, grunt_ministairs_13,
          chequers_serial_rivers_small_3, hangedman_decor_riveting
D:5:      layout_gridville, serial_undead, serial_undead_b, serial_undead_e,
          serial_undead_d, serial_undead_d, serial_undead_d, serial_undead_a,
          serial_undead_b, serial_undead_c, uniq_prince_ribbit1

Skill      XL: |  1  2  3  4  5  6  7  8 |
---------------+-------------------------+-----
Spellcasting   | 3 4 5 6 |  6.1
Fighting       | 1 2 3 |  3.6
Dodging        | 3 |  3.3
Stealth        | |  1.5

Action                   |  1- 3 |  4- 6 |  7- 9 || total
-------------------------+-------+-------+-------++-------
Melee: Unarmed           |     2 |     1 |     1 ||     4
 Cast: Foxfire           |    87 |   152 |    77 ||   316
       Flame Wave        |       |       |     7 ||     7
       Conjure Flame     |       |       |     5 ||     5
       Scorch            |       |       |     2 ||     2
  Use: Scroll            |       |     2 |     1 ||     3
       Potion            |       |       |     2 ||     2
Armor: Robe              |     5 |     3 |    13 ||    21
       Skin              |       |       |     2 ||     2
Dodge: Dodged            |    24 |    18 |    34 ||    76

Table legend: (Time is in decaauts)
 A = Elapsed time spent in this place.
 B = Non-inter-level travel time spent in this place.
 C = Inter-level travel time spent in this place.
 D = Time resting spent in this place.
 E = Time spent auto-exploring this place.
 F = Levels seen in this place.
 G = Mean time per level.
                   A        B        C        D        E       F      G
               +--------+--------+--------+--------+--------+-----+--------+
         Total |   6368 |   6298 |     70 |   1372 |   3944 |   5 | 1273.6 |
       Dungeon |   6368 |   6298 |     70 |   1372 |   3944 |   5 | 1273.6 |
               +--------+--------+--------+--------+--------+-----+--------+

Top non-repeatable levels by time:
     D:1: 1556 daAuts
     D:5: 1467 daAuts
     D:4: 1237 daAuts
     D:3: 1186 daAuts
     D:2: 920 daAuts
